 Dungeon Crawl Stone Soup version 0.28.0-53-g5a82cb258f (webtiles) character file.

Game seed: 12819766143184962124

53 tizbic2 the Ruffian (level 3, -1/33 HPs)
             Began as a Ghoul Monk on July 16, 2022.
             Slain by a shadow imp (2 damage)
             ... summoned by Natasha
             ... on level 2 of the Dungeon.
             The game lasted 00:05:44 (1771 turns).

tizbic2 the Ruffian (Ghoul Monk)                    Turns: 1771, Time: 00:05:44

Health: -1/33      AC:  8    Str: 14    XL:     3   Next: 87%
Magic:  3/3        EV:  6    Int:  7    God:
Gold:   22         SH:  0    Dex: 11    Spells: 4/4 levels left

rFire   . . .      SeeInvis .   c - +0 dagger
rCold   + . .      Faith    .   (no shield)
rNeg    + + +      Spirit   .   h - +0 chain mail
rPois   ∞          Reflect  .   (no helmet)
rElec   .          Harm     .   (no cloak)
rCorr   .          Rampage  .   (no gloves)
Will    .....                   (no boots)
Stlth   ..........              i - amulet of the acrobat
HPRegen 0.00/turn               (no ring)
MPRegen 0.08/turn               (no ring)

@: inhibited regen
A: claws 1, cold resistance 1, negative energy resistance 3, inhibited
regeneration, torment resistance 2
a: no special abilities


You were on level 2 of the Dungeon.
You visited 1 branch of the dungeon, and saw 2 of its levels.

You collected 22 gold pieces.

Inventory:

Hand Weapons
 c - a +0 dagger (weapon)
 f - a +0 hunting sling
Missiles
 b - 38 arrows
Armour
 a - a +0 robe
 h - a +0 chain mail (worn)
Jewellery
 i - an amulet of the acrobat (around neck)
 k - an amulet of regeneration
Scrolls
 g - a scroll of identify
Potions
 e - a potion of flight
 j - a potion of curing


   Skills:
 + Level 3.8 Fighting
 - Level 2.6 Dodging
 - Level 2.1 Stealth
 * Level 4.3 Unarmed Combat
 + Level 1.1 Spellcasting


You had 4 spell levels left.
You didn't know any spells.
Your spell library contained the following spells:

 Spells                   Type           Power      Damage    Failure   Level
 Shock                    Conj/Air       0%         1d3       100%        1
 Corpse Rot               Necr/Air       0%         N/A       100%        2
 Poisonous Vapours        Pois/Air       0%         N/A       100%        2
 Swiftness                Air            0%         N/A       100%        3
 Airstrike                Air            0%         N/A       100%        4


Dungeon Overview and Level Annotations

Branches:
Dungeon (2/15)

Altars:
Kikubaaqudgha

Annotations:
D:2 Natasha


Innate Abilities, Weirdness & Mutations

You thrive by killing the living.
You are immune to poison.
You have sharp fingernails.
Your flesh is cold resistant. (rC+)
You are immune to negative energy. (rN+++)
You do not regenerate when monsters are visible.
You are immune to unholy pain and torment.


Message History

You closely miss Natasha.
Natasha is moderately wounded.
The shadow imp hits you. Natasha barely misses you.
You hit Natasha.
Natasha is heavily wounded.
The shadow imp hits you but does no damage.
Natasha claws you but does no damage.
The crimson imp hits you but does no damage.
You closely miss Natasha.
Natasha is heavily wounded.
The shadow imp sputters.
The shadow imp hits you but does no damage.
Natasha closely misses you.
The crimson imp hits you but does no damage.
You hit Natasha.
Natasha is heavily wounded.
The shadow imp closely misses you. Natasha claws you but does no damage.
The crimson imp barely misses you.
You hit Natasha.
Natasha is severely wounded.
The shadow imp hits you. Natasha claws you!
The crimson imp hits you but does no damage.
You hit Natasha.
Natasha is severely wounded.
The shadow imp hits you.
* * * LOW HITPOINT WARNING * * *
Natasha claws you but does no damage.
The crimson imp blinks!
You hit Natasha.
Natasha is almost dead.
The shadow imp barely misses you. Natasha claws you but does no damage.
You closely miss Natasha.
Natasha is almost dead.
The shadow imp barely misses you.
Natasha stares at you and mumbles some strange words.
The magic dart hits you!
* * * LOW HITPOINT WARNING * * *
You closely miss Natasha.
Natasha is almost dead.
The shadow imp hits you.
You die...

#...♣ P. .. ♣
#..P♣♣♣P .♣♣♣
#..P..P..PPP.P....P
#..................
#.....PP.P...P.....
#.5$♣ ♣...♣ ♣...♣ ♣
#.h5♣ ♣...♣ ♣P..♣ ♣
#@P♣♣♣P.P♣♣♣...♣♣♣
#...P.....PP...P..
#.................
#.PPPP...PPP...P..
#.P♣♣♣..P♣♣♣..P♣♣♣
#..♣ ♣...♣ ♣...♣ ♣
#..♣♣♣P..♣♣♣...♣♣♣
#.PP..P..P..P.P.P.
#.................


You could see Natasha, a crimson imp (summoned) and a shadow imp (summoned).

Vanquished Creatures
  2 adders (D:2)
  A dart slug (D:1)
  2 endoplasms
  5 goblins
  4 hobgoblins
  2 jackals (D:1)
  2 kobolds (D:1)
  A quokka (D:2)
  2 ball pythons (D:1)
  3 bats (D:1)
  2 frilled lizards (D:1)
  5 rats
31 creatures vanquished.

Vanquished Creatures (others)
  13 plants (D:2)
13 creatures vanquished.

Grand Total: 44 creatures vanquished

Notes
Turn   | Place    | Note
-------+----------+-------------------------------------------
     0 | D:1      | tizbic2 the Ghoul Monk began the quest for the Orb.
     0 | D:1      | Reached XP level 1. HP: 19/19 MP: 0/0
   427 | D:1      | Reached XP level 2. HP: 17/26 MP: 1/1
   611 | D:1      | Found a faded altar of an unknown god.
   880 | D:1      | Reached skill level 4 in Unarmed Combat
   880 | D:1      | Reached XP level 3. HP: 19/31 MP: 3/3
  1371 | D:2      | Reached skill level 1 in Spellcasting
  1618 | D:2      | Found an ancient bone altar of Kikubaaqudgha.
  1754 | D:2      | Noticed Natasha
  1770 | D:2      | HP: 1/33 [Natasha/magic dart (7)]
  1771 | D:2      | Slain by a shadow imp

Illustrated notes

Levels and vault maps discovered:
D:1:      nagdon_arrival_double_spiral, layout_loops_ring,
          chequers_ecumenical_altar_simple_redux
D:2:      layout_rooms, serial_curves, eino_curves_01, eino_curves_02,
          basic_altar, kennysheep_boxes, uniq_jessica, uniq_natasha

Skill      XL: |  1  2  3 |
---------------+----------+-----
Unarmed Combat | 4 |  4.3
Spellcasting   | 1 |  1.1
Fighting       | |  3.8
Dodging        | |  2.6
Stealth        | |  2.1

Action                   || total
-------------------------++-------
Melee: Dagger            ||   183
       Unarmed           ||     4
       Punch             ||     6
  Use: Scroll            ||     4
Armor: Robe              ||     1
       Chain mail        ||   101
Dodge: Dodged            ||    63
